Carnivores vs Staline
Created - November 2, 2017 at 19:08
Goals
|
Carnivores |
2 |
2 |
2 |
1 |
7 |
Staline |
3 |
1 |
2 |
0 |
6 |
|
Shots
|
Carnivores |
12 |
5 |
17 |
1 |
35 |
Staline |
14 |
6 |
12 |
0 |
32 |
|
1st period
1. Staline , Jiri Tlusty 7 (Nick Spaling 10) at 6:12
2. Staline , Jordan Caron 2 (Lars Eller 9, Dustin Kohn 9) at 6:56 (PP)
3. Carnivores , Colton Orr 1 (Ryan Murray 3) at 11:13
4. Carnivores , Nicolas Kerdiles 2 (Jeremy Williams 3, Mark Jankowski 1) at 18:05
5. Staline , Marek Zagrapan 3 (Bryan Bickell 1, Dustin Kohn 10) at 19:09
Penalties :
Andrey Pedan (StJ) for Holding (Minor) at 3:41, Brendan Gallagher (Bre) for High sticking (Minor) at 6:20, Brandon Burlon (StJ) for Holding (Minor) at 11:54
2nd period
6. Carnivores , Brendan Gallagher 2 (Blake Geoffrion 4, Mat Clark 3) at 5:03 (PP)
7. Staline , David Desharnais 5 (Nick Spaling 11) at 8:44 (PP)
8. Carnivores , Brendan Gallagher 3 (Blake Geoffrion 5, Adam Pelech 2) at 15:39 (PP)
Penalties :
Scott Laughton (Bre) for Hooking (Minor) at 0:03, Mike Reilly (StJ) for Roughing (Minor) at 4:47, Blake Geoffrion (Bre) for Hooking (Minor) at 8:42, Mat Clark (Bre) for Hooking (Minor) at 10:02, Lars Eller (StJ) for Roughing (Minor) at 15:22
3rd period
9. Staline , Danny Kristo 3 (Jordan Caron 2, Viktor Loov 1) at 2:04
10. Carnivores , Brendan Gallagher 4 (Blake Geoffrion 6) at 4:03 (PP)
11. Carnivores , Brendan Gallagher 5 (Ryan Murray 4) at 14:19
12. Staline , Nick Spaling 3 (Stu Bickel 7, David Desharnais 5) at 16:59 (PP)
Penalties :
David Desharnais (StJ) for Hooking (Minor) at 3:23, Markus Granlund (Bre) for Holding (Minor) at 5:19, Mat Clark (Bre) for Interference (Minor) at 11:37, Mike Reilly (StJ) for Tripping (Minor) at 13:54, Adam Pelech (Bre) for Boarding (Minor) at 14:10, Mark Jankowski (Bre) for Tripping (Minor) at 16:42
Overtime #1
13. Carnivores , Zack Smith 2 (Brendan Gallagher 7, Ryan Murray 5) at 0:12
Penalties :
No Penalty
Goalie Stats
Antti Raanta (Bre), 26 saves from 32 shots - (0.813), W, 4-0-1, 60:12 minutes
Allen York (StJ), 28 saves from 35 shots - (0.800), OTL, 4-1-2, 60:12 minutes
Players Stats for Carnivores
Player Name G A P +/- PIM S H SB GA TA FO MP PP MP PK MP
------------------------------------------------------------------------------------
Adam Pelech 0 1 1 0 2 0 1 0 0 0 0/0 20:42 3:27 3:28
Blake Geoffrion 0 3 3 -2 2 2 1 0 3 0 0/2 19:19 3:10 0:02
Bobby Sanguinetti 0 0 0 1 0 0 0 0 0 0 0/0 7:28 0:00 0:00
Brendan Gallagher 4 1 5 0 2 10 2 1 1 1 1/6 24:56 3:10 4:35
Chris Lawrence 0 0 0 0 0 2 1 0 1 0 0/1 16:42 2:17 2:14
Colton Orr 1 0 1 0 0 3 1 0 0 0 0/0 6:24 0:00 0:00
David Schlemko 0 0 0 -1 0 0 0 1 0 0 0/0 7:08 0:00 0:00
Jeremy Welsh 0 0 0 0 0 4 4 0 0 0 1/3 14:14 2:17 0:00
Jeremy Williams 0 1 1 1 0 0 1 0 1 0 0/0 8:38 0:00 0:00
Josh Manson 0 0 0 1 0 0 0 1 0 1 0/0 12:02 0:00 3:42
Mark Jankowski 0 1 1 1 2 0 0 0 0 0 4/9 11:04 0:00 1:43
Markus Granlund 0 0 0 0 2 2 2 0 0 2 7/12 14:47 2:17 0:00
Mat Clark 0 1 1 0 4 1 1 0 0 1 0/0 14:19 1:59 0:00
Nate Schmidt 0 0 0 1 0 3 1 0 0 1 0/0 24:39 1:59 5:25
Nicolas Kerdiles 1 0 1 1 0 2 0 1 1 1 1/2 13:46 0:00 4:03
Ryan Murray 0 3 3 1 0 1 3 1 3 2 0/0 27:12 3:28 5:25
Sasha Pokulok 0 0 0 -1 0 0 0 0 0 0 0/0 7:15 0:00 0:14
Scott Laughton 0 0 0 -2 2 2 3 1 0 0 14/26 19:19 3:10 0:02
Troy Bourke 0 0 0 0 0 1 0 0 0 0 0/0 6:51 0:00 0:27
Zack Smith 1 0 1 2 0 2 0 0 0 0 7/13 13:05 0:00 5:08
Players Stats for Staline
Player Name G A P +/- PIM S H SB GA TA FO MP PP MP PK MP
------------------------------------------------------------------------------------
Andrey Pedan 0 0 0 0 2 0 1 0 0 1 0/0 4:22 0:00 0:00
Barclay Goodrow 0 0 0 0 0 0 0 0 0 0 0/0 0:54 0:00 0:49
Brandon Burlon 0 0 0 0 2 0 1 2 1 1 0/0 17:41 3:34 1:21
Bryan Bickell 0 1 1 1 0 0 1 0 0 1 0/0 12:17 0:00 0:37
Charles Hudon 0 0 0 0 0 0 0 0 0 0 0/0 0:00 0:00 0:00
Corey Trivino 0 0 0 0 0 2 0 0 1 0 1/2 7:01 0:00 0:00
Danny Kristo 1 0 1 0 0 1 1 0 0 0 0/0 7:01 0:00 0:00
David Desharnais 1 1 2 0 2 2 3 1 1 0 16/36 19:27 4:54 1:16
David Musil 0 0 0 0 0 0 0 0 0 0 0/0 0:00 0:00 0:00
Dustin Kohn 0 2 2 -2 0 9 1 2 1 1 0/0 28:35 5:33 3:22
James Sheppard 0 0 0 0 0 0 0 1 0 1 0/0 15:47 3:57 0:00
Jiri Sekac 0 0 0 0 0 0 0 0 1 0 0/0 7:01 0:00 0:00
Jiri Tlusty 1 0 1 -2 0 5 2 1 1 1 2/3 23:19 5:10 3:22
Jordan Caron 1 1 2 0 0 2 1 1 2 1 2/2 15:47 3:57 0:00
Lars Eller 0 1 1 0 2 1 1 2 1 0 6/9 17:34 3:57 1:28
Marek Zagrapan 1 0 1 1 0 1 0 1 0 0 4/8 11:35 0:00 0:00
Mike Reilly 0 0 0 1 4 0 0 0 0 0 0/0 10:01 0:16 0:35
Nick Spaling 1 2 3 -2 0 6 1 0 0 0 7/13 23:19 5:10 3:22
Nikita Nesterov 0 0 0 0 0 0 0 0 0 0 0/0 4:23 0:00 0:00
Peter Holland 0 0 0 0 0 0 0 0 0 0 0/0 0:00 0:00 0:00
Philip Larsen 0 0 0 0 0 0 2 1 0 1 0/0 18:21 3:34 2:05
Stu Bickel 0 1 1 -2 0 1 1 2 0 2 0/0 28:10 5:33 3:02
Tyler Pitlick 0 0 0 1 0 0 2 0 0 0 1/1 11:35 0:00 0:00
Viktor Loov 0 1 1 1 0 2 2 0 0 0 0/0 9:22 0:00 0:29
3 Stars
1 - Brendan Gallagher (Bre)
2 - Ryan Murray (Bre)
3 - Jordan Caron (StJ)
Power Play
Carnivores - 3 on 6 Attempt(s) - 50.00%
Staline - 3 on 8 Attempt(s) - 37.50%
Penalty Kill
Carnivores - 5 on 8 Attempt(s) - 62.50%
- Score 0 goal in Penalty Kill
Staline - 3 on 6 Attempt(s) - 50.00%
- Score 0 goal in Penalty Kill
Team Stat
Carnivores - Hits : 21 - Faceoff Wins : 35 - Blocked Shots : 6 - Penalty Minutes : 16
Staline - Hits : 20 - Faceoff Wins : 39 - Blocked Shots : 14 - Penalty Minutes : 12
Official
Referees : Dwyer Gord and Auger Stephane
Linesman : Mark Wheler and Shane Heyer
Game Notes
2:16 of 3rd period - Carnivores goal is going for a video replay. After video review, No Goal. The puck has entered the net after making contact with an attacking player’s stick that is above the height of the crossbar.
Brendan Gallagher has scored a Hat Trick!
Finance
Level 1 -- Attendance: 1493 (74.65%) -- Ticket Income $59,720
Level 2 -- Attendance: 766 (76.60%) -- Ticket Income $15,320
Total Attendance: 2259 (75.30%)
Total Ticket Income: $75,040
Other Income: $3,752
Total Income: $78,792
Carnivores
5 vs 5 Forward
Center Left Wing Right Wing Time % Phy DF OF
1 Scott Laughton Blake Geoffrion Brendan Gallagher 40 1 2 2
2 Markus Granlund Jeremy Welsh Chris Lawrence 30 1 2 2
3 Mark Jankowski Nicolas Kerdiles Jeremy Williams 20 1 2 2
4 Zack Smith Troy Bourke Colton Orr 10 1 2 2
5 vs 5 Defense
Defense Defense Time % Phy DF OF
1 Nate Schmidt Ryan Murray 40 1 2 2
2 Adam Pelech Mat Clark 30 1 2 2
3 Josh Manson Bobby Sanguinetti 17 1 2 2
4 Sasha Pokulok David Schlemko 13 1 2 2
PowerPlay Forward
Center Left Wing Right Wing Time % Phy DF OF
1 Scott Laughton Blake Geoffrion Brendan Gallagher 60 1 2 2
2 Markus Granlund Jeremy Welsh Chris Lawrence 40 1 2 2
PowerPlay Defense
Defense Defense Time % Phy DF OF
1 Ryan Murray Adam Pelech 60 1 2 2
2 Nate Schmidt Mat Clark 40 1 2 2
Penalty Kill 4 Players Forward
Center Wing Time % Phy DF OF
1 Zack Smith Brendan Gallagher 60 1 2 2
2 Nicolas Kerdiles Chris Lawrence 40 1 2 2
Penalty Kill 4 Players Defense
Defense Defense Time % Phy DF OF
1 Nate Schmidt Ryan Murray 60 1 2 2
2 Adam Pelech Josh Manson 40 1 2 2
Penalty Kill - 3 Players Forward
Forward Time % Phy DF OF
1 Chris Lawrence 60 1 2 2
2 Zack Smith 40 1 2 2
Penalty Kill - 3 Players Defense
Defense Defense Time % Phy DF OF
1 Nate Schmidt Ryan Murray 60 1 2 2
2 Adam Pelech Josh Manson 40 1 2 2
4 vs 4 Forward
Center Wing Time % Phy DF OF
1 Zack Smith Brendan Gallagher 60 1 2 2
2 Scott Laughton Blake Geoffrion 40 1 2 2
4 vs 4 Defense
Defense Defense Time % Phy DF OF
1 Nate Schmidt Ryan Murray 60 1 2 2
2 Adam Pelech Mat Clark 40 1 2 2
Last Minutes Offensive
Center Left Wing Right Wing Defense Defense
Scott Laughton Blake Geoffrion Brendan Gallagher Ryan Murray Bobby Sanguinetti
Last Minutes Defensive
Center Left Wing Right Wing Defense Defense
Zack Smith Blake Geoffrion Brendan Gallagher Sasha Pokulok Nate Schmidt
Goaltenders
Starting : Antti Raanta
Backup : Daniel Altshuller
Extra Forwards
Normal : Markus Granlund, Mark Jankowski, Nicolas Kerdiles - PP : Mark Jankowski, Markus Granlund - PK : Zack Smith
Extra Defensemen
Normal : David Schlemko, Bobby Sanguinetti, Sasha Pokulok - PP : David Schlemko - PK : Josh Manson, Sasha Pokulok
Penalty Shots
Scott Laughton, Brendan Gallagher, Blake Geoffrion, Nicolas Kerdiles, Chris Lawrence
Scratches
Mark McNeill (Back Spasms Injury), Mattias Backman (Healthy), Adam Almquist (Healthy), Stanislav Galiev (Healthy), Mark MacMillan (Healthy)
Tyler Graovac (Healthy), Patrick McNeill (Healthy), Alexandre Mallet (Healthy), Michael Schumacher (Healthy), Frederic St-Denis (Healthy)
Mike McKenna (Healthy)
Staline
5 vs 5 Forward
Center Left Wing Right Wing Time % Phy DF OF
1 David Desharnais Nick Spaling Jiri Tlusty 40 1 2 2
2 Lars Eller James Sheppard Jordan Caron 30 1 2 2
3 Marek Zagrapan Bryan Bickell Tyler Pitlick 20 1 2 2
4 Corey Trivino Jiri Sekac Danny Kristo 10 1 2 2
5 vs 5 Defense
Defense Defense Time % Phy DF OF
1 Stu Bickel Dustin Kohn 40 1 2 2
2 Brandon Burlon Philip Larsen 30 1 2 2
3 Viktor Loov Mike Reilly 20 1 2 2
4 Andrey Pedan Nikita Nesterov 10 1 2 2
PowerPlay Forward
Center Left Wing Right Wing Time % Phy DF OF
1 David Desharnais Nick Spaling Jiri Tlusty 60 1 2 2
2 Lars Eller James Sheppard Jordan Caron 40 1 2 2
PowerPlay Defense
Defense Defense Time % Phy DF OF
1 Stu Bickel Dustin Kohn 60 1 2 2
2 Brandon Burlon Philip Larsen 40 1 2 2
Penalty Kill 4 Players Forward
Center Wing Time % Phy DF OF
1 Nick Spaling Jiri Tlusty 60 1 2 2
2 David Desharnais Lars Eller 40 1 2 2
Penalty Kill 4 Players Defense
Defense Defense Time % Phy DF OF
1 Stu Bickel Dustin Kohn 60 1 2 2
2 Brandon Burlon Philip Larsen 40 1 2 2
Penalty Kill - 3 Players Forward
Forward Time % Phy DF OF
1 Nick Spaling 60 1 2 2
2 Jiri Tlusty 40 1 2 2
Penalty Kill - 3 Players Defense
Defense Defense Time % Phy DF OF
1 Stu Bickel Dustin Kohn 60 1 2 2
2 Brandon Burlon Philip Larsen 40 1 2 2
4 vs 4 Forward
Center Wing Time % Phy DF OF
1 Nick Spaling Jiri Tlusty 60 1 2 2
2 David Desharnais Lars Eller 40 1 2 2
4 vs 4 Defense
Defense Defense Time % Phy DF OF
1 Stu Bickel Dustin Kohn 60 1 2 2
2 Brandon Burlon Philip Larsen 40 1 2 2
Last Minutes Offensive
Center Left Wing Right Wing Defense Defense
David Desharnais Nick Spaling Jiri Tlusty Stu Bickel Dustin Kohn
Last Minutes Defensive
Center Left Wing Right Wing Defense Defense
David Desharnais Nick Spaling Jiri Tlusty Stu Bickel Dustin Kohn
Goaltenders
Starting : Allen York
Backup : Joni Ortio
Extra Forwards
Normal : Peter Holland, Charles Hudon, Barclay Goodrow - PP : Peter Holland, Charles Hudon - PK : Barclay Goodrow
Extra Defensemen
Normal : David Musil, Viktor Loov, Mike Reilly - PP : David Musil - PK : Viktor Loov, Mike Reilly
Penalty Shots
Nick Spaling, Jiri Tlusty, David Desharnais, Lars Eller, Jordan Caron
Scratches
Malcolm Subban (Healthy), Sean Maguire (Healthy)
% Time on Ice - Carnivores
Lines # - Real PCT - Wanted PCT - Time Play
Normal Forward
1 - 38% - 40% - 16:30
2 - 28% - 30% - 12:11
3 - 20% - 20% - 8:38
4 - 15% - 10% - 6:24
Normal Defense
1 - 38% - 40% - 16:45
2 - 29% - 30% - 12:43
3 - 17% - 17% - 7:28
4 - 16% - 13% - 6:47
PP Forward
1 - 58% - 60% - 3:10
2 - 42% - 40% - 2:17
PP Defense
1 - 64% - 60% - 3:28
2 - 36% - 40% - 1:59
PK Forward
1 - 75% - 60% - 6:51
2 - 25% - 40% - 2:16
PK Defense
1 - 59% - 60% - 5:25
2 - 41% - 40% - 3:42
PK3 Forward
1 - 0% - 60%
2 - 0% - 40%
PK3 Defense
1 - 0% - 60%
2 - 0% - 40%
44 Forward
1 - 81% - 60% - 1:33
2 - 19% - 40% - 0:22
44 Defense
1 - 82% - 60% - 1:34
2 - 18% - 40% - 0:21
Last Minute Offensive - 0:00
Last Minute Defensive - 0:00
Total
Forward - 60:12
Defense - 60:12
|
% Time on Ice - Staline
Lines # - Real PCT - Wanted PCT - Time Play
Normal Forward
1 - 30% - 40% - 13:17
2 - 27% - 30% - 11:50
3 - 26% - 20% - 11:35
4 - 16% - 10% - 7:01
Normal Defense
1 - 41% - 40% - 18:01
2 - 28% - 30% - 12:26
3 - 20% - 20% - 8:53
4 - 10% - 10% - 4:23
PP Forward
1 - 57% - 60% - 5:10
2 - 43% - 40% - 3:57
PP Defense
1 - 61% - 60% - 5:33
2 - 39% - 40% - 3:34
PK Forward
1 - 73% - 60% - 3:59
2 - 27% - 40% - 1:28
PK Defense
1 - 56% - 60% - 3:02
2 - 44% - 40% - 2:25
PK3 Forward
1 - 0% - 60%
2 - 0% - 40%
PK3 Defense
1 - 0% - 60%
2 - 0% - 40%
44 Forward
1 - 83% - 60% - 1:35
2 - 17% - 40% - 0:20
44 Defense
1 - 82% - 60% - 1:34
2 - 18% - 40% - 0:21
Last Minute Offensive - 0:00
Last Minute Defensive - 0:00
Total
Forward - 60:12
Defense - 60:12
|
Play by Play
1st period
0:01 of 1st period - Scott Laughton wins face-off versus David Desharnais in neutral zone.
0:04 of 1st period - Dustin Kohn is hit by Scott Laughton and loses puck.
0:15 of 1st period - Snap shot by Brendan Gallagher.
0:15 of 1st period - Shot Blocked by Stu Bickel.
1:14 of 1st period - Wrist shot by Colton Orr.
1:14 of 1st period - Stopped by Allen York with a rebound.
1:18 of 1st period - Wrist shot by Colton Orr.
1:18 of 1st period - Stopped by Allen York with a rebound.
1:28 of 1st period - Mat Clark is hit by Viktor Loov and loses puck.
1:35 of 1st period - Snap shot by Jiri Tlusty.
1:35 of 1st period - Shot Blocked by Scott Laughton.
1:37 of 1st period - Slapshot by Dustin Kohn.
1:37 of 1st period - Deflect By Nick Spaling.
1:37 of 1st period - Stopped by Antti Raanta without a rebound.
1:38 of 1st period - Markus Granlund wins face-off versus Lars Eller in Carnivores zone.
1:45 of 1st period - Wrist shot by Lars Eller.
1:45 of 1st period - Shot Misses the Net.
2:09 of 1st period - David Desharnais is hit by Brendan Gallagher and loses puck.
3:41 of 1st period - Minor Penalty to Andrey Pedan for Holding.
3:42 of 1st period - Jiri Tlusty wins face-off versus Scott Laughton in Staline zone.
4:13 of 1st period - Slapshot by Jeremy Welsh.
4:13 of 1st period - Stopped by Allen York with a rebound.
4:15 of 1st period - Wrist shot by Nate Schmidt.
4:15 of 1st period - Stopped by Allen York without a rebound.
4:16 of 1st period - David Desharnais wins face-off versus Markus Granlund in Staline zone.
4:43 of 1st period - Snap shot by Blake Geoffrion.
4:43 of 1st period - Stopped by Allen York with a rebound.
5:41 of 1st period - Penalty to Andrey Pedan is over, Andrey Pedan is back on ice.
5:54 of 1st period - Off-side.
5:55 of 1st period - Lars Eller wins face-off versus Mark Jankowski in neutral zone.
5:59 of 1st period - Off-side.
6:00 of 1st period - David Desharnais wins face-off versus Scott Laughton in neutral zone.
6:05 of 1st period - Blake Geoffrion is hit by Nick Spaling and loses puck.
6:10 of 1st period - Snap shot by Jiri Tlusty.
6:10 of 1st period - Stopped by Antti Raanta with a rebound.
6:12 of 1st period - Snap shot by Jiri Tlusty.
6:12 of 1st period - Goal by Jiri Tlusty - Carnivores : 0 - Staline : 1.
6:13 of 1st period - David Desharnais wins face-off versus Brendan Gallagher in neutral zone.
6:15 of 1st period - Off-side.
6:16 of 1st period - David Desharnais wins face-off versus Blake Geoffrion in neutral zone.
6:20 of 1st period - Minor Penalty to Brendan Gallagher for High sticking.
6:21 of 1st period - Nicolas Kerdiles wins face-off versus David Desharnais in Carnivores zone.
6:33 of 1st period - Wrist shot by Nick Spaling.
6:33 of 1st period - Stopped by Antti Raanta with a rebound.
6:47 of 1st period - Ryan Murray is hit by Jordan Caron and loses puck.
6:56 of 1st period - Snap shot by Jordan Caron.
6:56 of 1st period - Goal by Jordan Caron - Carnivores : 0 - Staline : 2.
6:57 of 1st period - David Desharnais wins face-off versus Scott Laughton in neutral zone.
7:13 of 1st period - Wrist shot by Blake Geoffrion.
7:13 of 1st period - Shot Blocked by David Desharnais.
7:54 of 1st period - Snap shot by Jeremy Welsh.
7:54 of 1st period - Stopped by Allen York without a rebound.
7:55 of 1st period - Tyler Pitlick wins face-off versus Scott Laughton in Staline zone.
8:20 of 1st period - Sasha Pokulok is hit by Lars Eller and loses puck.
8:29 of 1st period - Wrist shot by Chris Lawrence.
8:29 of 1st period - Shot Misses the Net.
8:45 of 1st period - Danny Kristo is hit by Mat Clark and loses puck.
8:57 of 1st period - Icing by Mat Clark.
8:58 of 1st period - David Desharnais wins face-off versus Mark Jankowski in Carnivores zone.
9:01 of 1st period - Snap shot by Jiri Tlusty.
9:01 of 1st period - Stopped by Antti Raanta without a rebound.
9:02 of 1st period - David Desharnais wins face-off versus Blake Geoffrion in Carnivores zone.
9:03 of 1st period - Wrist shot by Nick Spaling.
9:03 of 1st period - Stopped by Antti Raanta without a rebound.
9:04 of 1st period - Scott Laughton wins face-off versus David Desharnais in Carnivores zone.
9:15 of 1st period - Slapshot by Brendan Gallagher.
9:15 of 1st period - Stopped by Allen York with a rebound.
9:17 of 1st period - Slapshot by Scott Laughton.
9:17 of 1st period - Shot Hit the Post.
9:19 of 1st period - Wrist shot by Scott Laughton.
9:19 of 1st period - Stopped by Allen York without a rebound.
9:20 of 1st period - Jordan Caron wins face-off versus Markus Granlund in Staline zone.
9:45 of 1st period - Nate Schmidt is hit by David Desharnais and loses puck.
10:01 of 1st period - Icing by Jiri Tlusty.
10:02 of 1st period - Mark Jankowski wins face-off versus Marek Zagrapan in Staline zone.
10:47 of 1st period - Ryan Murray is hit by Brandon Burlon and loses puck.
10:52 of 1st period - Wrist shot by Jordan Caron.
10:52 of 1st period - Shot Misses the Net.
10:54 of 1st period - Slapshot by Dustin Kohn.
10:54 of 1st period - Shot Misses the Net.
10:56 of 1st period - Slapshot by Dustin Kohn.
10:56 of 1st period - Stopped by Antti Raanta with a rebound.
11:08 of 1st period - Stu Bickel is hit by Ryan Murray and loses puck.
11:13 of 1st period - Wrist shot by Colton Orr.
11:13 of 1st period - Goal by Colton Orr - Carnivores : 1 - Staline : 2.
11:14 of 1st period - Scott Laughton wins face-off versus David Desharnais in neutral zone.
11:39 of 1st period - Stu Bickel is hit by Chris Lawrence.
11:54 of 1st period - Minor Penalty to Brandon Burlon for Holding.
11:55 of 1st period - Brendan Gallagher wins face-off versus Nick Spaling in Staline zone.
12:10 of 1st period - Wrist shot by Blake Geoffrion.
12:10 of 1st period - Shot Misses the Net.
12:24 of 1st period - David Desharnais is hit by Markus Granlund.
13:54 of 1st period - Penalty to Brandon Burlon is over, Brandon Burlon is back on ice.
14:40 of 1st period - Lars Eller is hit by Ryan Murray.
16:19 of 1st period - Lars Eller is hit by Jeremy Welsh and loses puck.
16:30 of 1st period - Slapshot by Dustin Kohn.
16:30 of 1st period - Stopped by Antti Raanta without a rebound.
16:31 of 1st period - Mark Jankowski wins face-off versus David Desharnais in Carnivores zone.
16:40 of 1st period - Ryan Murray is hit by Viktor Loov and loses puck.
16:57 of 1st period - James Sheppard is hit by Scott Laughton and loses puck.
17:27 of 1st period - Slapshot by Dustin Kohn.
17:27 of 1st period - Stopped by Antti Raanta with a rebound.
17:47 of 1st period - Slapshot by Dustin Kohn.
17:47 of 1st period - Stopped by Antti Raanta with a rebound.
18:05 of 1st period - Snap shot by Nicolas Kerdiles.
18:05 of 1st period - Goal by Nicolas Kerdiles - Carnivores : 2 - Staline : 2.
18:06 of 1st period - Scott Laughton wins face-off versus Jiri Tlusty in neutral zone.
18:55 of 1st period - Snap shot by Nicolas Kerdiles.
18:55 of 1st period - Stopped by Allen York without a rebound.
18:56 of 1st period - Scott Laughton wins face-off versus Marek Zagrapan in Staline zone.
19:09 of 1st period - Wrist shot by Bryan Bickell.
19:09 of 1st period - Deflect By Marek Zagrapan.
19:09 of 1st period - Deflect By Blake Geoffrion.
19:09 of 1st period - Goal by Marek Zagrapan - Carnivores : 2 - Staline : 3.
19:10 of 1st period - David Desharnais wins face-off versus Scott Laughton in neutral zone.
19:41 of 1st period - Slapshot by Ryan Murray.
19:41 of 1st period - Deflect By Jeremy Welsh.
19:41 of 1st period - Stopped by Allen York without a rebound.
19:42 of 1st period - Jordan Caron wins face-off versus Markus Granlund in Staline zone.
19:42 of 1st period - Jordan Caron is hit by Jeremy Welsh.
19:54 of 1st period - Snap shot by Lars Eller.
19:54 of 1st period - Stopped by Antti Raanta with a rebound.
19:56 of 1st period - Snap shot by Viktor Loov.
19:56 of 1st period - Stopped by Antti Raanta with a rebound.
Goals for this period are 2 for Carnivores vs 3 for Staline.
Shots for this period are 12 for Carnivores vs 14 for Staline.
2nd period
0:01 of 2nd period - Scott Laughton wins face-off versus David Desharnais in neutral zone.
0:03 of 2nd period - Minor Penalty to Scott Laughton for Hooking.
0:04 of 2nd period - Zack Smith wins face-off versus David Desharnais in Carnivores zone.
2:03 of 2nd period - Penalty to Scott Laughton is over, Scott Laughton is back on ice.
2:33 of 2nd period - Snap shot by Nicolas Kerdiles.
2:33 of 2nd period - Shot Misses the Net.
2:55 of 2nd period - Colton Orr is hit by David Desharnais and loses puck.
3:21 of 2nd period - Snap shot by Brendan Gallagher.
3:21 of 2nd period - Shot Misses the Net.
3:56 of 2nd period - Slapshot by Corey Trivino.
3:56 of 2nd period - Stopped by Antti Raanta with a rebound.
4:40 of 2nd period - Mike Reilly is hit by Jeremy Welsh and loses puck.
4:47 of 2nd period - Minor Penalty to Mike Reilly for Roughing.
4:48 of 2nd period - Nick Spaling wins face-off versus Scott Laughton in Staline zone.
4:59 of 2nd period - Snap shot by Mat Clark.
4:59 of 2nd period - Shot Blocked by Dustin Kohn.
5:01 of 2nd period - Snap shot by Blake Geoffrion.
5:01 of 2nd period - Shot Misses the Net.
5:03 of 2nd period - Wrist shot by Brendan Gallagher.
5:03 of 2nd period - Goal by Brendan Gallagher - Carnivores : 3 - Staline : 3.
5:04 of 2nd period - Scott Laughton wins face-off versus David Desharnais in neutral zone.
5:54 of 2nd period - Snap shot by Colton Orr.
5:54 of 2nd period - Deflect By Troy Bourke.
5:54 of 2nd period - Stopped by Allen York with a rebound.
5:56 of 2nd period - Slapshot by Zack Smith.
5:56 of 2nd period - Deflect By Stu Bickel.
5:56 of 2nd period - Shot Blocked by Dustin Kohn.
5:56 of 2nd period - Puck is out of play.
5:57 of 2nd period - Marek Zagrapan wins face-off versus Zack Smith in Staline zone.
6:14 of 2nd period - Josh Manson is hit by Tyler Pitlick and loses puck.
6:49 of 2nd period - Snap shot by Colton Orr.
6:49 of 2nd period - Shot Blocked by Marek Zagrapan.
6:55 of 2nd period - Slapshot by Zack Smith.
6:55 of 2nd period - Stopped by Allen York without a rebound.
6:56 of 2nd period - David Desharnais wins face-off versus Scott Laughton in Staline zone.
7:39 of 2nd period - Off-side.
7:40 of 2nd period - Corey Trivino wins face-off versus Mark Jankowski in neutral zone.
7:45 of 2nd period - Slapshot by Dustin Kohn.
7:45 of 2nd period - Stopped by Antti Raanta with a rebound.
8:05 of 2nd period - David Desharnais is hit by Blake Geoffrion and loses puck.
8:16 of 2nd period - Wrist shot by Blake Geoffrion.
8:16 of 2nd period - Stopped by Allen York without a rebound.
8:17 of 2nd period - Jeremy Welsh wins face-off versus Lars Eller in Staline zone.
8:18 of 2nd period - Wrist shot by Chris Lawrence.
8:18 of 2nd period - Shot Blocked by Brandon Burlon.
8:20 of 2nd period - Slapshot by Ryan Murray.
8:20 of 2nd period - Deflect By Markus Granlund.
8:20 of 2nd period - Shot Blocked by Lars Eller.
8:20 of 2nd period - Puck is out of play.
8:21 of 2nd period - Lars Eller wins face-off versus Markus Granlund in Staline zone.
8:21 of 2nd period - Lars Eller is hit by Ryan Murray.
8:31 of 2nd period - Philip Larsen is hit by Jeremy Welsh and loses puck.
8:37 of 2nd period - Off-side.
8:38 of 2nd period - David Desharnais wins face-off versus Scott Laughton in neutral zone.
8:42 of 2nd period - Minor Penalty to Blake Geoffrion for Hooking.
8:43 of 2nd period - Nick Spaling wins face-off versus Zack Smith in Carnivores zone.
8:44 of 2nd period - Snap shot by David Desharnais.
8:44 of 2nd period - Goal by David Desharnais - Carnivores : 3 - Staline : 4.
8:45 of 2nd period - David Desharnais wins face-off versus Scott Laughton in neutral zone.
8:56 of 2nd period - Slapshot by Ryan Murray.
8:56 of 2nd period - Shot Blocked by Jiri Tlusty.
9:36 of 2nd period - Markus Granlund is hit by Philip Larsen and loses puck.
10:02 of 2nd period - Minor Penalty to Mat Clark for Hooking.
10:03 of 2nd period - Zack Smith wins face-off versus David Desharnais in Carnivores zone.
10:03 of 2nd period - Zack Smith is hit by Jiri Tlusty.
10:44 of 2nd period - Snap shot by Chris Lawrence.
10:44 of 2nd period - Shot Misses the Net.
10:53 of 2nd period - Icing by Dustin Kohn.
10:54 of 2nd period - Lars Eller wins face-off versus Zack Smith in Staline zone.
12:02 of 2nd period - Penalty to Mat Clark is over, Mat Clark is back on ice.
12:06 of 2nd period - Wrist shot by Ryan Murray.
12:06 of 2nd period - Shot Misses the Net.
12:16 of 2nd period - Markus Granlund is hit by Bryan Bickell and loses puck.
12:29 of 2nd period - Sasha Pokulok is hit by Danny Kristo and loses puck.
13:02 of 2nd period - Zack Smith is hit by Andrey Pedan and loses puck.
14:07 of 2nd period - Snap shot by Jeremy Williams.
14:07 of 2nd period - Shot Hit the Post.
15:19 of 2nd period - Slapshot by Blake Geoffrion.
15:19 of 2nd period - Deflect By Brendan Gallagher.
15:19 of 2nd period - Shot Blocked by James Sheppard.
15:19 of 2nd period - Puck is out of play.
15:20 of 2nd period - Lars Eller wins face-off versus Scott Laughton in Staline zone.
15:22 of 2nd period - Minor Penalty to Lars Eller for Roughing.
15:23 of 2nd period - Nick Spaling wins face-off versus Scott Laughton in Staline zone.
15:37 of 2nd period - Snap shot by Brendan Gallagher.
15:37 of 2nd period - Shot Misses the Net.
15:39 of 2nd period - Wrist shot by Brendan Gallagher.
15:39 of 2nd period - Goal by Brendan Gallagher - Carnivores : 4 - Staline : 4.
15:40 of 2nd period - Scott Laughton wins face-off versus David Desharnais in neutral zone.
15:53 of 2nd period - Wrist shot by Brendan Gallagher.
15:53 of 2nd period - Shot Misses the Net.
15:55 of 2nd period - Snap shot by Brendan Gallagher.
15:55 of 2nd period - Shot Misses the Net.
16:50 of 2nd period - Snap shot by Jiri Tlusty.
16:50 of 2nd period - Stopped by Antti Raanta without a rebound.
16:51 of 2nd period - Scott Laughton wins face-off versus David Desharnais in Carnivores zone.
17:02 of 2nd period - Wrist shot by David Desharnais.
17:02 of 2nd period - Shot Misses the Net.
17:04 of 2nd period - Wrist shot by Nick Spaling.
17:04 of 2nd period - Stopped by Antti Raanta with a rebound.
17:06 of 2nd period - Wrist shot by David Desharnais.
17:06 of 2nd period - Shot Blocked by David Schlemko.
17:18 of 2nd period - Snap shot by Bryan Bickell.
17:18 of 2nd period - Shot Misses the Net.
17:22 of 2nd period - Snap shot by Marek Zagrapan.
17:22 of 2nd period - Shot Misses the Net.
17:24 of 2nd period - Slapshot by Viktor Loov.
17:24 of 2nd period - Stopped by Antti Raanta with a rebound.
17:26 of 2nd period - Wrist shot by Marek Zagrapan.
17:26 of 2nd period - Shot Misses the Net.
17:28 of 2nd period - Wrist shot by Bryan Bickell.
17:28 of 2nd period - Shot Misses the Net.
18:05 of 2nd period - Icing by Viktor Loov.
18:06 of 2nd period - Lars Eller wins face-off versus Zack Smith in Staline zone.
18:06 of 2nd period - Lars Eller is hit by Colton Orr.
18:48 of 2nd period - Snap shot by Lars Eller.
18:48 of 2nd period - Shot Misses the Net.
18:56 of 2nd period - Slapshot by Nate Schmidt.
18:56 of 2nd period - Deflect By Colton Orr.
18:56 of 2nd period - Shot Misses the Net.
18:56 of 2nd period - Puck is out of play.
18:57 of 2nd period - David Desharnais wins face-off versus Scott Laughton in Staline zone.
19:47 of 2nd period - Slapshot by Blake Geoffrion.
19:47 of 2nd period - Shot Misses the Net.
Goals for this period are 2 for Carnivores vs 1 for Staline.
Shots for this period are 5 for Carnivores vs 6 for Staline.
3rd period
0:01 of 3rd period - Scott Laughton wins face-off versus David Desharnais in neutral zone.
0:09 of 3rd period - Slapshot by Dustin Kohn.
0:09 of 3rd period - Deflect By Jiri Tlusty.
0:09 of 3rd period - Stopped by Antti Raanta with a rebound.
0:11 of 3rd period - Slapshot by Dustin Kohn.
0:11 of 3rd period - Shot Misses the Net.
0:29 of 3rd period - Marek Zagrapan is hit by Nate Schmidt and loses puck.
0:36 of 3rd period - Snap shot by Brendan Gallagher.
0:36 of 3rd period - Shot Misses the Net.
0:38 of 3rd period - Slapshot by Nate Schmidt.
0:38 of 3rd period - Stopped by Allen York with a rebound.
0:40 of 3rd period - Slapshot by Ryan Murray.
0:40 of 3rd period - Shot Blocked by Philip Larsen.
0:42 of 3rd period - Wrist shot by Scott Laughton.
0:42 of 3rd period - Stopped by Allen York with a rebound.
0:44 of 3rd period - Backhand shot by Brendan Gallagher.
0:44 of 3rd period - Shot Hit the Post.
0:46 of 3rd period - Snap shot by Brendan Gallagher.
0:46 of 3rd period - Stopped by Allen York with a rebound.
1:08 of 3rd period - Snap shot by Brendan Gallagher.
1:08 of 3rd period - Stopped by Allen York with a rebound.
1:10 of 3rd period - Slapshot by Nate Schmidt.
1:10 of 3rd period - Stopped by Allen York with a rebound.
1:12 of 3rd period - Slapshot by Scott Laughton.
1:12 of 3rd period - Shot Blocked by Brandon Burlon.
1:14 of 3rd period - Snap shot by Brendan Gallagher.
1:14 of 3rd period - Stopped by Allen York with a rebound.
1:18 of 3rd period - Wrist shot by Scott Laughton.
1:18 of 3rd period - Deflect By Brendan Gallagher.
1:18 of 3rd period - Stopped by Allen York without a rebound.
1:19 of 3rd period - Jiri Tlusty wins face-off versus Jeremy Welsh in Staline zone.
1:44 of 3rd period - Jeremy Williams is hit by Stu Bickel.
2:04 of 3rd period - Snap shot by Danny Kristo.
2:04 of 3rd period - Goal by Danny Kristo - Carnivores : 4 - Staline : 5.
2:05 of 3rd period - Markus Granlund wins face-off versus David Desharnais in neutral zone.
2:14 of 3rd period - Snap shot by Chris Lawrence.
2:14 of 3rd period - Shot Misses the Net.
2:16 of 3rd period - Snap shot by Markus Granlund.
2:16 of 3rd period - Carnivores goal is going for a video replay.
2:16 of 3rd period - The goal is refused. The puck has entered the net after making contact with an attacking player’s stick that is above the height of the crossbar..
2:17 of 3rd period - Markus Granlund wins face-off versus David Desharnais in Staline zone.
2:29 of 3rd period - Off-side.
2:30 of 3rd period - Scott Laughton wins face-off versus David Desharnais in neutral zone.
2:39 of 3rd period - Wrist shot by Blake Geoffrion.
2:39 of 3rd period - Deflect By Scott Laughton.
2:39 of 3rd period - Shot Blocked by Stu Bickel.
2:39 of 3rd period - Puck is out of play.
2:40 of 3rd period - David Desharnais wins face-off versus Brendan Gallagher in Staline zone.
3:05 of 3rd period - Stu Bickel is hit by Scott Laughton and loses puck.
3:23 of 3rd period - Minor Penalty to David Desharnais for Hooking.
3:24 of 3rd period - Markus Granlund wins face-off versus Nick Spaling in Staline zone.
3:30 of 3rd period - Wrist shot by Chris Lawrence.
3:30 of 3rd period - Deflect By Jeremy Welsh.
3:30 of 3rd period - Stopped by Allen York without a rebound.
3:31 of 3rd period - Nick Spaling wins face-off versus Chris Lawrence in Staline zone.
3:31 of 3rd period - Nick Spaling is hit by Adam Pelech.
4:03 of 3rd period - Snap shot by Brendan Gallagher.
4:03 of 3rd period - Goal by Brendan Gallagher - Carnivores : 5 - Staline : 5.
4:04 of 3rd period - Scott Laughton wins face-off versus David Desharnais in neutral zone.
4:26 of 3rd period - Icing by David Desharnais.
4:27 of 3rd period - David Desharnais wins face-off versus Markus Granlund in Staline zone.
4:27 of 3rd period - David Desharnais is hit by Markus Granlund.
5:15 of 3rd period - Slapshot by Dustin Kohn.
5:15 of 3rd period - Stopped by Antti Raanta without a rebound.
5:16 of 3rd period - Markus Granlund wins face-off versus David Desharnais in Carnivores zone.
5:16 of 3rd period - Markus Granlund is hit by David Desharnais.
5:19 of 3rd period - Minor Penalty to Markus Granlund for Holding.
5:20 of 3rd period - David Desharnais wins face-off versus Brendan Gallagher in Carnivores zone.
5:50 of 3rd period - Slapshot by Dustin Kohn.
5:50 of 3rd period - Shot Misses the Net.
5:52 of 3rd period - Wrist shot by Stu Bickel.
5:52 of 3rd period - Shot Blocked by Ryan Murray.
5:54 of 3rd period - Wrist shot by Jordan Caron.
5:54 of 3rd period - Stopped by Antti Raanta with a rebound.
7:19 of 3rd period - Penalty to Markus Granlund is over, Markus Granlund is back on ice.
7:42 of 3rd period - David Schlemko is hit by Tyler Pitlick and loses puck.
10:14 of 3rd period - Snap shot by Jeremy Welsh.
10:14 of 3rd period - Deflect By Scott Laughton.
10:14 of 3rd period - Shot Misses the Net.
10:14 of 3rd period - Puck is out of play.
10:15 of 3rd period - Scott Laughton wins face-off versus David Desharnais in Staline zone.
10:36 of 3rd period - Wrist shot by Chris Lawrence.
10:36 of 3rd period - Shot Blocked by Lars Eller.
10:38 of 3rd period - Snap shot by Markus Granlund.
10:38 of 3rd period - Stopped by Allen York without a rebound.
10:39 of 3rd period - Markus Granlund wins face-off versus Lars Eller in Staline zone.
10:42 of 3rd period - Snap shot by Chris Lawrence.
10:42 of 3rd period - Stopped by Allen York with a rebound.
10:54 of 3rd period - Slapshot by Mat Clark.
10:54 of 3rd period - Shot Blocked by Jordan Caron.
11:20 of 3rd period - Slapshot by Lars Eller.
11:20 of 3rd period - Shot Misses the Net.
11:32 of 3rd period - Snap shot by Jordan Caron.
11:32 of 3rd period - Shot Blocked by Nicolas Kerdiles.
11:37 of 3rd period - Minor Penalty to Mat Clark for Interference.
11:38 of 3rd period - Zack Smith wins face-off versus David Desharnais in Carnivores zone.
11:46 of 3rd period - Nick Spaling is hit by Brendan Gallagher and loses puck.
12:08 of 3rd period - Slapshot by Chris Lawrence.
12:08 of 3rd period - Stopped by Allen York without a rebound.
12:09 of 3rd period - Lars Eller wins face-off versus Nicolas Kerdiles in Staline zone.
12:30 of 3rd period - Snap shot by Brendan Gallagher.
12:30 of 3rd period - Stopped by Allen York with a rebound.
13:37 of 3rd period - Penalty to Mat Clark is over, Mat Clark is back on ice.
13:43 of 3rd period - Slapshot by Ryan Murray.
13:43 of 3rd period - Stopped by Allen York with a rebound.
13:45 of 3rd period - Wrist shot by Mat Clark.
13:45 of 3rd period - Stopped by Allen York without a rebound.
13:46 of 3rd period - Markus Granlund wins face-off versus Marek Zagrapan in Staline zone.
13:54 of 3rd period - Minor Penalty to Mike Reilly for Tripping.
13:55 of 3rd period - Nick Spaling wins face-off versus Brendan Gallagher in Staline zone.
14:07 of 3rd period - Snap shot by Dustin Kohn.
14:07 of 3rd period - Stopped by Antti Raanta without a rebound.
14:08 of 3rd period - Scott Laughton wins face-off versus Nick Spaling in Carnivores zone.
14:10 of 3rd period - Minor Penalty to Adam Pelech for Boarding.
14:11 of 3rd period - Nick Spaling wins face-off versus Zack Smith in Carnivores zone.
14:19 of 3rd period - Wrist shot by Brendan Gallagher.
14:19 of 3rd period - Goal by Brendan Gallagher - Carnivores : 6 - Staline : 5.
14:20 of 3rd period - Nick Spaling wins face-off versus Zack Smith in neutral zone.
14:25 of 3rd period - Snap shot by Nick Spaling.
14:25 of 3rd period - Shot Misses the Net.
14:27 of 3rd period - Slapshot by Stu Bickel.
14:27 of 3rd period - Deflect By Jiri Tlusty.
14:27 of 3rd period - Shot Misses the Net.
14:27 of 3rd period - Puck is out of play.
14:28 of 3rd period - Zack Smith wins face-off versus Nick Spaling in Carnivores zone.
15:07 of 3rd period - Wrist shot by Dustin Kohn.
15:07 of 3rd period - Stopped by Antti Raanta without a rebound.
15:08 of 3rd period - Zack Smith wins face-off versus Nick Spaling in Carnivores zone.
15:08 of 3rd period - Zack Smith is hit by Philip Larsen.
15:28 of 3rd period - Snap shot by David Desharnais.
15:28 of 3rd period - Stopped by Antti Raanta without a rebound.
15:29 of 3rd period - David Desharnais wins face-off versus Brendan Gallagher in Carnivores zone.
15:30 of 3rd period - Snap shot by Lars Eller.
15:30 of 3rd period - Shot Blocked by Brendan Gallagher.
15:54 of 3rd period - Penalty to Mike Reilly is over, Mike Reilly is back on ice.
16:10 of 3rd period - Penalty to Adam Pelech is over, Adam Pelech is back on ice.
16:15 of 3rd period - Slapshot by Nick Spaling.
16:15 of 3rd period - Shot Misses the Net.
16:21 of 3rd period - Wrist shot by Nick Spaling.
16:21 of 3rd period - Shot Blocked by Josh Manson.
16:23 of 3rd period - Wrist shot by Jiri Tlusty.
16:23 of 3rd period - Deflect By Nick Spaling.
16:23 of 3rd period - Stopped by Antti Raanta without a rebound.
16:24 of 3rd period - Marek Zagrapan wins face-off versus Jeremy Welsh in Carnivores zone.
16:36 of 3rd period - Icing by Brandon Burlon.
16:37 of 3rd period - Marek Zagrapan wins face-off versus Mark Jankowski in Staline zone.
16:37 of 3rd period - Marek Zagrapan is hit by Jeremy Williams.
16:42 of 3rd period - Minor Penalty to Mark Jankowski for Tripping.
16:43 of 3rd period - Zack Smith wins face-off versus David Desharnais in Carnivores zone.
16:57 of 3rd period - Snap shot by Stu Bickel.
16:57 of 3rd period - Stopped by Antti Raanta with a rebound.
16:59 of 3rd period - Snap shot by Nick Spaling.
16:59 of 3rd period - Goal by Nick Spaling - Carnivores : 6 - Staline : 6.
17:00 of 3rd period - Marek Zagrapan wins face-off versus Mark Jankowski in neutral zone.
17:25 of 3rd period - Brendan Gallagher is hit by Jiri Tlusty and loses puck.
17:53 of 3rd period - Off-side.
17:54 of 3rd period - Mark Jankowski wins face-off versus Corey Trivino in neutral zone.
18:06 of 3rd period - Snap shot by Nicolas Kerdiles.
18:06 of 3rd period - Shot Misses the Net.
18:08 of 3rd period - Snap shot by Jeremy Williams.
18:08 of 3rd period - Shot Misses the Net.
18:36 of 3rd period - Snap shot by Corey Trivino.
18:36 of 3rd period - Stopped by Antti Raanta without a rebound.
18:37 of 3rd period - Mark Jankowski wins face-off versus Marek Zagrapan in Carnivores zone.
18:37 of 3rd period - Mark Jankowski is hit by Dustin Kohn.
19:52 of 3rd period - Slapshot by Dustin Kohn.
19:52 of 3rd period - Stopped by Antti Raanta with a rebound.
Goals for this period are 2 for Carnivores vs 2 for Staline.
Shots for this period are 17 for Carnivores vs 12 for Staline.
Overtime #1
0:01 of 1st overtime period - Zack Smith wins face-off versus Nick Spaling in neutral zone.
0:12 of 1st overtime period - Backhand shot by Zack Smith.
0:12 of 1st overtime period - Goal by Zack Smith - Carnivores : 7 - Staline : 6.
Goals for this period are 1 for Carnivores vs 0 for Staline.
Shots for this period are 1 for Carnivores vs 0 for Staline.
Back to the Top